TOP OF THE 1ST |
Northern Virginia Retrievers batting - Pitching for Buckhead Bowties : LHP Pedro Ortíz
|
Pitching: LHP Pedro Ortíz
|
|
Batting: RHB Luis Rodríguez
|
0-0: Ground out 4-3 (Groundball, 4)
|
Batting: LHB Roberto Salazar
|
0-0: Called Strike 0-1: SINGLE (Line Drive, 4)
|
Batting: RHB Bob Heller
|
0-0: Called Strike 0-1: Ball Pickoff Throw to First - Error! E1 Roberto Salazar to second 1-1: Ball 2-1: SINGLE (Line Drive, 8LS) Roberto Salazar to third Runner from 3rd tries for Home, SAFE, no throw or cutoff
|
Batting: RHB Teruo Nakayama
|
0-0: Grounds into double play, 5-4-3 (Groundball, 56)
|
Top of the 1st over - 1 run(s), 2 hit(s), 1 error(s), 0 left on base; Northern Virginia 1 - Buckhead 0 |
BOTTOM OF THE 1ST |
Buckhead Bowties batting - Pitching for Northern Virginia Retrievers : RHP Javier Mora
|
Pitching: RHP Javier Mora
|
|
Batting: RHB Enrique Marroquín
|
0-0: Ball 1-0: Ball 2-0: Foul Ball, location: 2F 2-1: Swinging Strike 2-2: Ball 3-2: Strikes out looking
|
Batting: LHB Neil Lawson
|
0-0: Ball 1-0: Called Strike 1-1: Foul Ball, location: 2F 1-2: Ground out U3 (Groundball, 3S)
|
Batting: RHB Mike Brown
|
0-0: Foul Ball, location: 2F 0-1: Ball 1-1: Fly out, F8 (Line Drive, 8LM)
|
Bottom of the 1st over - 0 run(s), 0 hit(s), 0 error(s), 0 left on base; Northern Virginia 1 - Buckhead 0 |
TOP OF THE 2ND |
Northern Virginia Retrievers batting - Pitching for Buckhead Bowties : LHP Pedro Ortíz
|
Batting: LHB Chad Armstrong
|
0-0: Swinging Strike 0-1: Swinging Strike 0-2: Strikes out swinging
|
Batting: LHB Francisco Ornelas
|
0-0: Ground out 6-3 (Groundball, 6M)
|
Batting: RHB Gil Moore
|
0-0: Called Strike 0-1: Swinging Strike 0-2: Ground out 5-3 (Groundball, 15S)
|
Top of the 2nd over - 0 run(s), 0 hit(s), 0 error(s), 0 left on base; Northern Virginia 1 - Buckhead 0 |
BOTTOM OF THE 2ND |
Buckhead Bowties batting - Pitching for Northern Virginia Retrievers : RHP Javier Mora
|
Batting: LHB Gregg Young
|
0-0: Called Strike 0-1: Ball 1-1: Swinging Strike 1-2: Ground out U3 (Groundball, 3)
|
Batting: LHB Tony Martínez
|
0-0: Called Strike 0-1: Foul Ball, location: 2F 0-2: Ball 1-2: Strikes out swinging
|
Batting: LHB Mysterious Walker
|
0-0: Fly out, F7 (Flyball, 78M)
|
Bottom of the 2nd over - 0 run(s), 0 hit(s), 0 error(s), 0 left on base; Northern Virginia 1 - Buckhead 0 |
TOP OF THE 3RD |
Northern Virginia Retrievers batting - Pitching for Buckhead Bowties : LHP Pedro Ortíz
|
Batting: RHB Brett Callison
|
0-0: Swinging Strike 0-1: Called Strike 0-2: Ball 1-2: Ball 2-2: Reached on error, E5 (Groundball, 5S)
|
Batting: RHB Eddie O'Bryan
|
0-0: Foul Ball, location: 2F 0-1: Ball 1-1: Grounds into double play, 6-4-3 (Groundball, 6)
|
Batting: RHB Luis Rodríguez
|
0-0: Ball 1-0: Foul Ball, location: 2F 1-1: SINGLE (Flyball, 7S)
|
Batting: LHB Roberto Salazar
|
0-0: Ball 1-0: Foul Ball, location: 2F 1-1: Ball 2-1: Foul Ball, location: 2F 2-2: Strikes out swinging
|
Top of the 3rd over - 0 run(s), 1 hit(s), 1 error(s), 1 left on base; Northern Virginia 1 - Buckhead 0 |
BOTTOM OF THE 3RD |
Buckhead Bowties batting - Pitching for Northern Virginia Retrievers : RHP Javier Mora
|
Batting: RHB Won-min Yi
|
0-0: Foul Ball, location: 2F 0-1: Ball 1-1: Called Strike 1-2: Fly out, F5 (Line Drive, 56S)
|
Batting: RHB Lorenzo Díaz
|
0-0: Called Strike 0-1: Swinging Strike 0-2: Fly out, F8 (Flyball, 8LS)
|
Batting: RHB Gabriel Rodríguez
|
0-0: Called Strike 0-1: Ball 1-1: Ground out U3 (Groundball, 3L)
|
Bottom of the 3rd over - 0 run(s), 0 hit(s), 0 error(s), 0 left on base; Northern Virginia 1 - Buckhead 0 |
TOP OF THE 4TH |
Northern Virginia Retrievers batting - Pitching for Buckhead Bowties : LHP Pedro Ortíz
|
Batting: RHB Bob Heller
|
0-0: Ball 1-0: Foul Ball, location: 2F 1-1: Ball 2-1: Ball 3-1: Called Strike 3-2: Fly out, F6 (Popup, 6M)
|
Batting: RHB Teruo Nakayama
|
0-0: Foul Ball, location: 2F 0-1: Swinging Strike 0-2: DOUBLE (Flyball, 78XD)
|
Batting: LHB Chad Armstrong
|
0-0: Called Strike 0-1: Swinging Strike 0-2: Ball 1-2: Strikes out swinging
|
Batting: LHB Francisco Ornelas
|
0-0: Ball 1-0: Ball 2-0: Ball 3-0: Called Strike 3-1: Base on Balls
|
Batting: RHB Gil Moore
|
0-0: Called Strike 0-1: Ball 1-1: Swinging Strike 1-2: Ball 2-2: SINGLE (Groundball, 4M) Teruo Nakayama to third Francisco Ornelas to second Runner from 3rd tries for Home, SAFE, no throw or cutoff
|
Batting: RHB Brett Callison
|
0-0: Called Strike 0-1: Foul Ball, location: 2F 0-2: Strikes out looking
|
Top of the 4th over - 1 run(s), 2 hit(s), 0 error(s), 2 left on base; Northern Virginia 2 - Buckhead 0 |
BOTTOM OF THE 4TH |
Buckhead Bowties batting - Pitching for Northern Virginia Retrievers : RHP Javier Mora
|
Batting: RHB Enrique Marroquín
|
0-0: Called Strike 0-1: Foul Ball, location: 2F 0-2: Strikes out swinging
|
Batting: LHB Neil Lawson
|
0-0: Called Strike 0-1: Ball 1-1: Ball 2-1: Foul Ball, location: 2F 2-2: Strikes out swinging
|
Batting: RHB Mike Brown
|
0-0: Ball 1-0: Ball 2-0: Foul Ball, location: 2F 2-1: Called Strike 2-2: Foul Ball, location: 2F 2-2: Foul Ball, location: 2F 2-2: Ball 3-2: Base on Balls
|
Batting: LHB Gregg Young
|
0-0: Called Strike 0-1: Ball 1-1: Ground out 4-3 (Groundball, 34)
|
Bottom of the 4th over - 0 run(s), 0 hit(s), 0 error(s), 1 left on base; Northern Virginia 2 - Buckhead 0 |
TOP OF THE 5TH |
Northern Virginia Retrievers batting - Pitching for Buckhead Bowties : LHP Pedro Ortíz
|
Batting: RHB Eddie O'Bryan
|
0-0: Ball 1-0: Ball 2-0: Swinging Strike 2-1: Ground out 6-3 (Groundball, 6S)
|
Batting: RHB Luis Rodríguez
|
0-0: Called Strike 0-1: Swinging Strike 0-2: Ball 1-2: Strikes out looking
|
Batting: LHB Roberto Salazar
|
0-0: Foul Ball, location: 2F 0-1: Ground out 6-3 (Groundball, 6M)
|
Top of the 5th over - 0 run(s), 0 hit(s), 0 error(s), 0 left on base; Northern Virginia 2 - Buckhead 0 |
BOTTOM OF THE 5TH |
Buckhead Bowties batting - Pitching for Northern Virginia Retrievers : RHP Javier Mora
|
Batting: LHB Tony Martínez
|
0-0: Swinging Strike 0-1: Called Strike 0-2: Fly out, F3 (Popup, 3F)
|
Batting: LHB Mysterious Walker
|
0-0: Called Strike 0-1: Ball 1-1: Ball 2-1: Called Strike 2-2: Foul Ball, location: 2F 2-2: DOUBLE (Flyball, 8RXD)
|
Batting: RHB Won-min Yi
|
0-0: Ball 1-0: Called Strike 1-1: Ball 2-1: Fly out, F8 (Popup, 4MD)
|
Batting: RHB Lorenzo Díaz
|
0-0: Swinging Strike 0-1: Fly out, F8 (Flyball, 8LXD)
|
Bottom of the 5th over - 0 run(s), 1 hit(s), 0 error(s), 1 left on base; Northern Virginia 2 - Buckhead 0 |
TOP OF THE 6TH |
Northern Virginia Retrievers batting - Pitching for Buckhead Bowties : LHP Pedro Ortíz
|
Batting: RHB Bob Heller
|
0-0: Ball 1-0: Foul Ball, location: 2F 1-1: Ball 2-1: Ball 3-1: Base on Balls
|
Batting: RHB Teruo Nakayama
|
0-0: Fly out, F7 (Flyball, 7LD)
|
Batting: LHB Chad Armstrong
|
0-0: Called Strike 0-1: Ground out 4-3 (Groundball, 4M) Bob Heller to second
|
Batting: LHB Francisco Ornelas
|
0-0: Called Strike 0-1: Ball 1-1: Foul Ball, location: 2F 1-2: Strikes out swinging
|
Top of the 6th over - 0 run(s), 0 hit(s), 0 error(s), 1 left on base; Northern Virginia 2 - Buckhead 0 |
BOTTOM OF THE 6TH |
Buckhead Bowties batting - Pitching for Northern Virginia Retrievers : RHP Javier Mora
|
Batting: RHB Gabriel Rodríguez
|
0-0: Called Strike 0-1: Ball 1-1: Ball 2-1: DOUBLE (Groundball, 5L)
|
Batting: RHB Enrique Marroquín
|
0-0: Called Strike 0-1: Foul Ball, location: 2F 0-2: Ball 1-2: Foul Ball, location: 2F 1-2: Ball 2-2: Foul Ball, location: 2F 2-2: Ground out 5-3 (Groundball, 5L)
|
Batting: LHB Neil Lawson
|
0-0: SINGLE (Groundball, 34D) Gabriel Rodríguez to third Runner from 3rd tries for Home, SAFE, throw made home Neil Lawson to second
|
Batting: RHB Mike Brown
|
0-0: Called Strike 0-1: Swinging Strike 0-2: Foul Ball, location: 2F 0-2: Ball 1-2: Ball 2-2: Ball 3-2: Fly out, F9 (Flyball, 9D) Runner from 2nd tags up, SAFE at 3rd, no throw
|
Batting: LHB Gregg Young
|
0-0: Ball 1-0: Called Strike 1-1: Hit by Pitch
|
Batting: LHB Tony Martínez
|
0-0: Ball 1-0: Foul Ball, location: 2F 1-1: Ball 2-1: Called Strike 2-2: SINGLE (Line Drive, 34D) Neil Lawson scores Gregg Young to second
|
Batting: LHB Mysterious Walker
|
0-0: Called Strike 0-1: Called Strike 0-2: Foul Ball, location: 2F 0-2: Strikes out looking
|
Bottom of the 6th over - 2 run(s), 3 hit(s), 0 error(s), 2 left on base; Northern Virginia 2 - Buckhead 2 |
TOP OF THE 7TH |
Northern Virginia Retrievers batting - Pitching for Buckhead Bowties : LHP Pedro Ortíz
|
Batting: RHB Gil Moore
|
0-0: Foul Ball, location: 2F 0-1: Ball 1-1: Ball 2-1: Foul Ball, location: 2F 2-2: DOUBLE (Flyball, 7LD)
|
Batting: RHB Brett Callison
|
0-0: Fly out, F4 (Popup, 4)
|
Batting: RHB Eddie O'Bryan
|
0-0: Called Strike 0-1: Swinging Strike 0-2: Foul Ball, location: 2F 0-2: Strikes out looking
|
Batting: RHB Luis Rodríguez
|
0-0: Ball 1-0: Ball 2-0: Ball 3-0: Called Strike 3-1: Base on Balls
|
Batting: LHB Roberto Salazar
|
0-0: Foul Ball, location: 2F 0-1: Ball 1-1: Ball 2-1: Foul Ball, location: 2F 2-2: Foul Ball, location: 2F 2-2: Ball 3-2: SINGLE (Groundball, 6MD) Gil Moore to third Luis Rodríguez to second Gil Moore scores Luis Rodríguez to third
|
Batting: RHB Bob Heller
|
0-0: Called Strike 0-1: Ball 1-1: Swinging Strike 1-2: Fly out, F6 (Line Drive, 6)
|
Top of the 7th over - 1 run(s), 2 hit(s), 0 error(s), 2 left on base; Northern Virginia 3 - Buckhead 2 |
BOTTOM OF THE 7TH |
Buckhead Bowties batting - Pitching for Northern Virginia Retrievers : RHP Javier Mora
|
Batting: RHB Won-min Yi
|
0-0: Ball 1-0: Swinging Strike 1-1: Ground out 6-3 (Groundball, 6)
|
Pitching: LHP Ilie Paunescu
|
|
Batting: RHB Lorenzo Díaz
|
0-0: Ball 1-0: Swinging Strike 1-1: DOUBLE (Line Drive, 89M)
|
Batting: RHB Gabriel Rodríguez
|
0-0: Ball 1-0: Ball 2-0: Ball 3-0: Called Strike 3-1: Swinging Strike 3-2: Ground out 5-3 (Groundball, 5L)
|
Batting: RHB Enrique Marroquín
|
0-0: Ground out 5-3 (Groundball, 5)
|
Bottom of the 7th over - 0 run(s), 1 hit(s), 0 error(s), 1 left on base; Northern Virginia 3 - Buckhead 2 |
TOP OF THE 8TH |
Northern Virginia Retrievers batting - Pitching for Buckhead Bowties : LHP Pedro Ortíz
|
Batting: RHB Teruo Nakayama
|
0-0: Ball 1-0: Called Strike 1-1: Ball 2-1: Ground out 5-3 (Groundball, 56)
|
Batting: LHB Chad Armstrong
|
0-0: Ground out 4-3 (Groundball, 4)
|
Batting: LHB Francisco Ornelas
|
0-0: Ball 1-0: SINGLE (Line Drive, 56)
|
Pitching: RHP Kyle Buckman
|
|
Batting: RHB Gil Moore
|
0-0: Ball 1-0: Foul Ball, location: 2F 1-1: Ground out 4-3 (Groundball, 4)
|
Top of the 8th over - 0 run(s), 1 hit(s), 0 error(s), 1 left on base; Northern Virginia 3 - Buckhead 2 |
BOTTOM OF THE 8TH |
Buckhead Bowties batting - Pitching for Northern Virginia Retrievers : LHP Ilie Paunescu
|
Batting: LHB Neil Lawson
|
0-0: Called Strike 0-1: SINGLE (Line Drive, 4MD)
|
Pitching: RHP Natalino Golaio
|
|
Batting: RHB Mike Brown
|
0-0: Called Strike 0-1: Grounds into double play, 6-4-3 (Groundball, 6)
|
Batting: LHB Gregg Young
|
0-0: Called Strike 0-1: Ball 1-1: Swinging Strike 1-2: Strikes out swinging
|
Bottom of the 8th over - 0 run(s), 1 hit(s), 0 error(s), 0 left on base; Northern Virginia 3 - Buckhead 2 |
TOP OF THE 9TH |
Northern Virginia Retrievers batting - Pitching for Buckhead Bowties : RHP Kyle Buckman
|
Batting: RHB Brett Callison
|
0-0: SINGLE (Groundball, 5) (infield hit)
|
Batting: RHB Eddie O'Bryan
|
0-0: Ball 1-0: Sac Bunt - play at second, runner OUT! 1-6
|
Pinch Hitting: LHB Marlon Randall
|
0-0: Ball 1-0: Ball 2-0: Ball 3-0: Base on Balls Eddie O'Bryan to second
|
Batting: LHB Roberto Salazar
|
0-0: Ball 1-0: Called Strike 1-1: Ball 2-1: Ball 3-1: Base on Balls Eddie O'Bryan to third Marlon Randall to second
|
Batting: RHB Bob Heller
|
0-0: Called Strike 0-1: Ball 1-1: Fly out, F3 (Line Drive, 3)
|
Batting: RHB Teruo Nakayama
|
0-0: Swinging Strike 0-1: Called Strike 0-2: Strikes out looking
|
Top of the 9th over - 0 run(s), 1 hit(s), 0 error(s), 3 left on base; Northern Virginia 3 - Buckhead 2 |
BOTTOM OF THE 9TH |
Buckhead Bowties batting - Pitching for Northern Virginia Retrievers : RHP Natalino Golaio
|
Pitching: RHP Harold Elkins
|
|
Now in LF: Munemori Ohara
|
|
Batting: LHB Tony Martínez
|
0-0: Ball 1-0: Called Strike 1-1: SINGLE (Line Drive, 56D)
|
Batting: LHB Mysterious Walker
|
0-0: Ball 1-0: Foul Ball, location: 2F 1-1: Ball 2-1: Fly out, F7 (Flyball, 78D)
|
Batting: RHB Won-min Yi
|
0-0: Ball 1-0: Fielders Choice at 2nd, 4-6 (Groundball, 4)
|
Batting: RHB Lorenzo Díaz
|
0-0: Ball 1-0: Called Strike 1-1: Ball 2-1: Ball 3-1: Base on Balls Won-min Yi to second
|
Batting: RHB Gabriel Rodríguez
|
0-0: Foul Ball, location: 2F 0-1: Foul Ball, location: 2F 0-2: Fly out, F7 (Flyball, 7D)
|
Bottom of the 9th over - 0 run(s), 1 hit(s), 0 error(s), 2 left on base; Northern Virginia 3 - Buckhead 2 |
|